Map: Whispers of Gold

Players

Jumy (ForJumy)

  • Race: Protoss Protoss
  • League: Grandmaster
  • Spawn Location: 9:00

LiquidElazer (Elazer) - Winner!

  • Race: Zerg Zerg
  • Spawn Location: 5:00

Event: HomeStory Cup XXVI

VOD

Have the link to the VOD?

Description

Time

  • Played on: Nov. 30, 2024, 4:13 p.m.
  • Length: 11:35

All games in this series

Show
View Real Time Build Order
Export as new Build Order

Jumy Protoss 

Build Orders:  

Get SALT Encoding   

  12  0:00  Probe  
  13  0:13  Probe  
  14  0:25  Probe  
  15  0:32  Pylon  
  15  0:51  Gateway x2  
  15  0:59  Forge  
  15  1:03  Probe  
  16  1:18  Probe  
  17  1:22  Pylon  
  17  1:29  Zealot  
  17  1:30  Zealot  
  21  1:46  Photon Cannon  
  21  1:50  Photon Cannon  
  21  1:55  Zealot  
  23  2:03  Probe  
  23  2:05  Assimilator  
  24  2:10  Pylon  
  24  2:13  Zealot  
  26  2:16  Probe  
  26  2:22  Assimilator  
  27  2:30  Probe  
  27  2:36  Cybernetics Core  
  24  2:44  Probe  
  25  2:56  Probe  
  26  3:08  Probe  
  27  3:13  Stargate  
  27  3:19  Adept x2  
  31  3:21  Probe  
  32  3:33  Probe  
  33  3:35  Pylon  
  33  3:52  Void Ray  
  37  4:03  Pylon  
  36  4:22  Oracle  
  34  4:26  Nexus  
  30  4:35  Probe  
  34  4:42  Warp Gate  
  32  4:47  Probe  
  32  4:51  Oracle  
  33  4:53  Robotics Facility  
  33  4:59  Probe  
  37  5:11  Probe  
  38  5:24  Probe  
  39  5:33  Oracle  
  39  5:36  Probe  
  39  5:40  Probe  
  40  5:48  Probe x2  
  41  5:52  Pylon  
  41  5:57  Probe  
  42  6:00  Probe  
  44  6:09  Probe  
  45  6:12  Robotics Facility  
  45  6:13  Probe  
  45  6:14  Gateway  
  46  6:21  Probe  
  46  6:25  Probe  
  48  6:33  Probe  
  48  6:37  Probe  
  47  6:40  Zealot  
  47  6:41  Zealot, Gateway  
  51  6:52  Nexus  
  51  6:54  Twilight Council, Probe  
  51  6:55  Probe  
  51  7:00  Immortal  
  53  7:04  Probe  
  53  7:06  Probe  
  48  7:12  Sentry, Probe  
  54  7:18  Stalker  
  54  7:19  Probe  
  58  7:23  Probe  
  59  7:30  Charge  
  59  7:32  Gateway  
  59  7:33  Gateway  
  59  7:38  Pylon  
  59  7:39  Probe  
  60  7:53  Pylon  
  60  7:55  Immortal  
  60  7:56  Pylon  
  60  8:04  Gateway x2  
  64  8:07  Probe x3  
  64  8:10  Sentry  
  69  8:20  Gateway  
  69  8:22  Gateway  
  69  8:26  Warp Prism  
  69  8:30  Sentry x2  
  69  8:32  Gateway  
  75  8:43  Pylon  
  75  8:45  Zealot, Sentry  
  79  8:54  Pylon  
  79  8:55  Zealot x2  
  83  8:58  Immortal  
  83  9:05  Forge  
  87  9:15  Zealot x5  
  78  9:26  Zealot x4  
  76  9:37  Zealot  
  68  9:39  Zealot x2  
  68  9:40  Zealot x2  
  66  9:47  Zealot x2  
  60  9:57  Zealot x4  
  66  10:10  Sentry  
  66  10:11  Zealot x3  
  71  10:20  Pylon  
  68  10:29  Sentry  
  68  10:34  Immortal  
  62  10:40  Zealot x2  
  59  10:49  Gateway  
  63  10:51  Gateway x2  
  63  10:56  Sentry  
  59  11:01  Zealot x2  
  60  11:15  Probe  
  61  11:18  Gateway, Pylon  
  61  11:19  Pylon  
  61  11:20  Pylon  
Show
View Real Time Build Order
Export as new Build Order

LiquidElazer Zerg - Winner!

Build Orders: Hatch First 

Get SALT Encoding   

  12  0:00  Drone  
  13  0:08  Drone  
  14  0:15  Extractor  
  14  0:16  Drone  
  15  0:23  Overlord  
  15  0:41  Drone  
  16  0:46  Hatchery  
  15  0:50  Drone  
  15  0:55  Drone  
  17  0:59  Drone  
  18  1:11  Extractor  
  17  1:14  Spawning Pool  
  17  1:17  Drone  
  17  1:20  Drone  
  18  1:26  Drone  
  19  1:37  Drone  
  20  1:48  Drone  
  22  2:02  Spine Crawler  
  22  2:04  Spine Crawler, Queen  
  22  2:06  Spine Crawler  
  22  2:07  Zergling x2  
  22  2:08  Roach Warren  
  21  2:12  Zergling x2  
  22  2:18  Spine Crawler  
  19  2:40  Overlord  
  19  2:42  Overlord  
  21  3:00  Roach x2  
  21  3:04  Roach  
  27  3:12  Roach x2  
  31  3:13  Overlord  
  31  3:16  Drone  
  32  3:20  Ravager x2  
  34  3:33  Drone  
  35  3:43  Drone  
  36  3:52  Drone x3  
  36  3:53  Ravager  
  40  3:56  Hatchery  
  39  4:05  Overlord  
  39  4:07  Drone  
  37  4:26  Drone x4  
  39  4:32  Lair  
  39  4:36  Drone  
  40  4:46  Drone  
  40  4:48  Spore Crawler  
  40  4:58  Drone  
  41  5:04  Overlord  
  41  5:06  Drone x2  
  43  5:07  Queen  
  42  5:14  Spore Crawler  
  42  5:17  Drone x2  
  42  5:20  Overlord  
  43  5:25  Drone  
  44  5:34  Drone x2, Spore Crawler  
  43  5:42  Queen  
  40  5:53  Spore Crawler  
  40  5:56  Drone x3  
  42  6:01  Drone  
  42  6:03  Drone  
  44  6:09  Drone  
  45  6:12  Drone  
  45  6:13  Drone  
  47  6:24  Queen  
  49  6:30  Queen  
  51  6:35  Drone x3, Hydralisk Den  
  51  6:37  Drone x2  
  53  6:40  Drone x2  
  53  6:43  Drone  
  53  6:45  Drone  
  53  6:46  Extractor  
  56  6:48  Drone, Extractor  
  56  6:50  Overseer  
  56  6:55  Drone  
  57  7:08  Overlord  
  55  7:13  Extractor  
  54  7:15  Grooved Spines  
  54  7:16  Hydralisk  
  54  7:17  Hydralisk x3  
  54  7:19  Hydralisk  
  54  7:22  Overlord  
  64  7:25  Drone  
  64  7:27  Drone x2  
  67  7:31  Drone  
  67  7:36  Hatchery  
  67  7:47  Hydralisk x3  
  73  7:53  Hydralisk x2  
  73  7:55  Hydralisk  
  79  7:59  Hydralisk  
  79  8:02  Hydralisk  
  83  8:17  Nydus Network  
  82  8:20  Hydralisk  
  82  8:23  Drone x5  
  82  8:26  Drone x2  
  91  8:34  Overlord x2  
  91  8:39  Muscular Augments  
  91  8:48  Hydralisk  
  91  8:49  Hydralisk x2  
  91  8:55  Hydralisk x2  
  97  8:58  Hydralisk  
  103  9:07  Nydus Canal  
  103  9:09  Hydralisk  
  101  9:20  Hydralisk x2  
  98  9:29  Nydus Canal  
  98  9:30  Hydralisk  
  96  9:36  Hydralisk  
  86  9:39  Hydralisk  
  86  9:42  Zergling x24  
  92  9:53  Hydralisk x3  
  92  9:58  Hydralisk  
  98  10:02  Hydralisk  
  98  10:06  Hydralisk  
  102  10:11  Hydralisk  
  98  10:22  Hydralisk x2  
  99  10:34  Hydralisk  
  100  10:41  Nydus Canal  
  98  10:50  Drone x7  
  98  10:51  Drone x5  
  110  11:02  Nydus Canal  
Tags
 
Add a new tag
Caveats
  • Supply blocks, unpowered buildings, or Contaminate may cause inaccurate times.
  • Supply counts are checked every 10 seconds.